 Dungeon Crawl Stone Soup version 0.28-a0-261-gc0b50483a2 (webtiles) character file.

Game seed: 1276749305902139401

99 Froggeryz the Cutter (level 4, -3/46 HPs)
             Began as an Octopode Berserker on Aug 27, 2021.
             Was a Believer of Trog.
             Slain by an orc (6 damage)
             ... on level 3 of the Dungeon.
             The game lasted 00:02:42 (3142 turns).

Froggeryz the Cutter (Octopode Berserker)           Turns: 3142, Time: 00:02:43

Health: -3/46      AC:  1    Str: 16    XL:     4   Next: 72%
Magic:  4/4        EV: 13    Int:  9    God:    Trog [**....]
Gold:   172        SH:  0    Dex: 12    Spells: 3/3 levels left

rFire   . . .      SeeInvis .   k - +2 short sword (venom)
rCold   . . .      Faith    .   (no shield)
rNeg    . . .      Spirit   .   (helmet restricted)
rPois   .          Reflect  .   j - amulet of the acrobat
rElec   .          Harm     .   (no ring)
rCorr   .          Rampage  .   (no ring)
Will    .....                   (no ring)
Stlth   ..........              (no ring)
HPRegen 0.15/turn               (no ring)
MPRegen 0.09/turn               (no ring)
                                (no ring)
                                (no ring)

@: berserking, very quick
A: almost no armour, amphibious, 8 rings, camouflage 1, gelatinous body 1,
(nimble swimmer 1), tentacles
a: Renounce Religion, Berserk, Trog's Hand


You were on level 3 of the Dungeon.
You worshipped Trog.
Trog was pleased with you.
You visited 1 branch of the dungeon, and saw 4 of its levels.

You collected 172 gold pieces.

Inventory:

Hand Weapons
 k - a +2 short sword of venom (weapon)
Jewellery
 j - an amulet of the acrobat (around mantle)
Scrolls
 c - a scroll of identify
 g - 3 scrolls of silence
 h - a scroll of immolation
 i - a scroll of holy word
Potions
 a - a potion of flight {unknown}
 b - a potion of curing
 d - a potion of lignification {unknown}
 e - a potion of haste {unknown}
 f - a potion of attraction {unknown}


   Skills:
 - Level 3.0 Fighting
 * Level 4.6 Short Blades
 - Level 3.0 Dodging
 + Level 3.2 Stealth


You had 3 spell levels left.
You didn't know any spells.
Your spell library contained the following spells:

 Spells                   Type           Power      Damage    Failure   Level
 Slow                     Hex            0%         N/A       52%         2
 Confusing Touch          Hex            0%         N/A       77%         3
 Vampiric Draining        Necr           0%         2d6       77%         3


Dungeon Overview and Level Annotations

Branches:
Dungeon (4/15)
 Temple: D:4-7

Altars:
Wu Jian
Lugonu

Portals:
Abyss: D:3


Innate Abilities, Weirdness & Mutations

You cannot wear most types of armour.
You are amphibious.
You can wear up to eight rings at the same time.
Your skin changes colour to match your surroundings (Stealth+).
Your rubbery body absorbs attacks. (AC +1, EV +1)
((You are camouflaged near water. (Stealth+)))
You have tentacles for arms and can constrict up to eight enemies at once.


Message History

An orc comes into view.
It is wielding a +1 hand axe of electrocution.
An orc is nearby! 2 orcs come into view.
The orc shouts!
An orc comes into view. It is wielding a +0 trident.
An orc comes into view. It is wielding a +0 flail.
Found a fizzy green potion.
The orc shouts!
The orc shouts! x2
The orc completely misses you.
You hit the orc. Your grab misses the orc. You squeeze the orc.
You kill the orc!
Trog accepts your kill.
You hit the orc.
The orc is poisoned.
Your grab misses the orc.
The orc is severely wounded.
The orc hits you with a +1 hand axe of electrocution!
You are electrocuted!
* * * LOW HITPOINT WARNING * * *
You are too injured to fight recklessly!
You kill the orc!
Trog accepts your kill.
Found 18 stones.
Unknown command.
There is a stone staircase leading up here.
You climb upwards.
There is a stone staircase leading down here.
You start resting.
You climb downwards.
The orc closely misses you. The orc barely misses you.
There is a stone staircase leading up here.
The orc closely misses you.
The orc hits you from afar with a +0 trident.
* * * LOW HITPOINT WARNING * * *
The orc hits you with a +0 club.
* * * LOW HITPOINT WARNING * * *
You climb upwards.
There is a stone staircase leading down here.
A red film seems to cover your vision as you go berserk!
You feel yourself moving faster!
You feel mighty! The orc hits you with a +0 flail.
You die...

#)# #............# #.#
#..#########.# #.# #..# #.#
#.# #..# #.# #.# #..# #.# #.#
#..# #.# #.#
#..#########.###### #.#
#.o................
#.##########o@...........#####
#....(.......#.#########..####
##############.# #........ #.#
#.##.#### #.# #....<# #.#
#####.# #.# #.##
################.# #..#
#................# ##.##


You could see 2 orcs.

Vanquished Creatures
  3 adders
  An adder skeleton (D:4)
  2 dart slugs
  2 orcs (D:4)
  8 endoplasms
  3 giant cockroaches
  6 goblins
  A hobgoblin (D:2)
  4 jackals (D:2)
  8 kobolds
  A quokka (D:1)
  10 ball pythons
  2 bats
  5 frilled lizards
  4 rats
60 creatures vanquished.

Vanquished Creatures (others)
  7 plants (D:2)
7 creatures vanquished.

Grand Total: 67 creatures vanquished

Notes
Turn   | Place    | Note
-------+----------+-------------------------------------------
     0 | D:1      | Froggeryz the Octopode Berserker began the quest for the
                  | Orb.
     0 | D:1      | Reached XP level 1. HP: 16/16 MP: 1/1
   220 | D:1      | Reached skill level 1 in Stealth
   291 | D:1      | Reached XP level 2. HP: 17/21 MP: 2/2
   893 | D:2      | Reached XP level 3. HP: 23/26 MP: 3/3
   944 | D:2      | Reached ** piety under Trog
  1233 | D:2      | Reached skill level 4 in Short Blades
  1613 | D:2      | Reached XP level 4. HP: 31/31 MP: 4/4
  2087 | D:3      | Found a faded altar of an unknown god.
  2141 | D:3      | Found an ornate altar of the Wu Jian Council.
  2240 | D:3      | Found a large runed translucent door.
  2240 | D:3      | Found a large runed translucent door.
  2244 | D:3      | Found a corrupted altar of Lugonu.
  3032 | D:3      | Found a one-way gate to the infinite horrors of the Abyss.
  3142 | D:3      | Slain by an orc

Illustrated notes

Levels and vault maps discovered:
D:1:      minmay_arrival_shattered_statue, layout_loops_cross
D:2:      layout_rooms, chequers_serial_rivers_micro_d,
          minmay_shallow_snake_nest
D:3:      due_chaos_kobolds, layout_basic, mainiacjoe_overflow_alcove_2,
          hellmonk_ecumenical_altar_blasted
D:4:      layout_cave_pools

Skill      XL: |  1  2  3  4 |
---------------+-------------+-----
Stealth        | 1 2 3 |  3.2
Short Blades   | 4 |  4.6
Fighting       | |  3.0
Dodging        | |  3.0

Action                   |  1- 3 |  4- 6 || total
-------------------------+-------+-------++-------
Melee: Short sword       |    65 |    42 ||   107
       Constrict         |    16 |     9 ||    25
       Tentacles         |    10 |     9 ||    19
Invok: Berserk           |     1 |     2 ||     3
  Use: Scroll            |     1 |     2 ||     3
 Stab: Sleeping          |    12 |     6 ||    18
Armor: Skin              |     4 |     2 ||     6
Dodge: Dodged            |    33 |    26 ||    59

Table legend: (Time is in decaauts)
 A = Elapsed time spent in this place.
 B = Non-inter-level travel time spent in this place.
 C = Inter-level travel time spent in this place.
 D = Time resting spent in this place.
 E = Time spent auto-exploring this place.
 F = Levels seen in this place.
 G = Mean time per level.
                   A        B        C        D        E       F      G
               +--------+--------+--------+--------+--------+-----+--------+
         Total |   3149 |   2980 |    169 |    520 |   1994 |   4 |  787.2 |
       Dungeon |   3149 |   2980 |    169 |    520 |   1994 |   4 |  787.2 |
               +--------+--------+--------+--------+--------+-----+--------+

Top non-repeatable levels by time:
     D:3: 1397 daAuts
     D:2: 865 daAuts
     D:1: 855 daAuts
     D:4: 31 daAuts
